[Event "ICC tourney 2260 (3 2)"]
[Site "Internet Chess Club"]
[Date "2020.12.31"]
[Round "8"]
[White "sujashankar"]
[Black "hi321"]
[Result "0-1"]
[ICCResult "White checkmated"]
[WhiteElo "1691"]
[BlackElo "1433"]
[Opening "Scotch: Potter variation"]
[ECO "C45"]
[NIC "SO.05"]
[Time "14:08:02"]
[PlyCount "124"]
[TimeControl "180+2"]

1. e4 e5 2. Nf3 Nc6 3. d4 exd4 4. Nxd4 Bc5 5. Nb3 Bb6 6. Qe2 Nge7 7. Nc3
Ng6 8. Be3 d6 9. O-O-O Be6 10. f3 O-O 11. Qd2 Bxe3 12. Qxe3 a5 13. h4 a4
14. Nd4 Nxd4 15. Rxd4 b5 16. Bxb5 c5 17. Rdd1 Qb6 18. Bxa4 Bxa2 19. Qd2
Rfd8 20. b3 c4 21. Qd4 Qxd4 22. Rxd4 cxb3 23. cxb3 Rdb8 24. Nxa2 Nf4 25.
Kb2 Nxg2 26. Nc3 Ne3 27. Rxd6 Nc4+ 28. Kc1 Nxd6 29. Rd1 Nb7 30. Nd5 Nc5 31.
Rd4 Nxb3+ 32. Bxb3 Rxb3 33. Nc7 Rc8 34. Kd1 h6 35. Nd5 Ra8 36. Ke2 Ra2+ 37.
Rd2 Rxd2+ 38. Kxd2 Rxf3 39. Ke2 Rh3 40. Ne7+ Kf8 41. Nf5 g6 42. Ne3 Rxh4
43. Kf2 Rxe4 44. Kf3 Rxe3+ 45. Kxe3 f5 46. Kf4 Kf7 47. Kf3 Kf6 48. Kg3 g5
49. Kf3 h5 50. Kg3 f4+ 51. Kf2 Kf5 52. Kg2 g4 53. Kg1 h4 54. Kh1 g3 55. Kg1
Kg4 56. Kh1 f3 57. Kg1 h3 58. Kh1 Kf4 59. Kg1 Ke3 60. Kh1 Ke2 61. Kg1 f2+
62. Kh1 f1=Q# { White checkmated } 0-1

[Event "ICC tourney 2260 (3 2)"]
[Site "Internet Chess Club"]
[Date "2020.12.31"]
[Round "8"]
[White "VirginiaGuy"]
[Black "funpawn"]
[Result "0-1"]
[ICCResult "White resigns"]
[WhiteElo "1371"]
[BlackElo "1765"]
[Opening "Queen's pawn: Yusupov-Rubinstein system"]
[ECO "A46"]
[NIC "QP.06"]
[Time "14:07:30"]
[PlyCount "54"]
[TimeControl "180+2"]

1. d4 Nf6 2. Nf3 e6 3. e3 c5 4. b3 Nc6 5. Bb2 d5 6. Nbd2 b6 7. a3 Bd6 8.
Bd3 O-O 9. Ne5 Qc7 10. f4 Ne7 11. O-O Nf5 12. Bxf5 exf5 13. Rf3 Ne4 14. Rc1
f6 15. Nd3 g5 16. Rf1 a5 17. c4 Ba6 18. Nxe4 fxe4 19. Nf2 gxf4 20. exf4
Bxf4 21. Rc2 Bxh2+ 22. Kh1 Bd6 23. Qg4+ Kh8 24. Qh5 Qf7 25. Qxd5 Qxd5 26.
cxd5 Bxf1 27. Nxe4 Bd3 { White resigns } 0-1

[Event "ICC tourney 2260 (3 2)"]
[Site "Internet Chess Club"]
[Date "2020.12.31"]
[Round "8"]
[White "dashrndrx1"]
[Black "ZAPPAWITS"]
[Result "0-1"]
[ICCResult "White checkmated"]
[WhiteElo "1803"]
[BlackElo "1713"]
[Opening "English: Caro-Kann defensive system"]
[ECO "D13"]
[NIC "EO.64"]
[Time "14:07:50"]
[PlyCount "118"]
[TimeControl "180+2"]

1. c4 c6 2. Nc3 d5 3. cxd5 cxd5 4. d4 Nf6 5. Bf4 Nc6 6. Nf3 e6 7. e3 a6 8.
a3 Bd6 9. Bxd6 Qxd6 10. Bd3 h6 11. O-O O-O 12. Rc1 b5 13. b4 Bb7 14. Re1
Rac8 15. Ne2 Rc7 16. Nf4 Rfc8 17. Nd2 e5 18. dxe5 Nxe5 19. Bb1 Rxc1 20.
Qxc1 Rxc1 21. Rxc1 Nc4 22. Nb3 g5 23. Ne2 Ne4 24. f3 Ned2 25. Nbd4 Nxb1 26.
Rxb1 Nxe3 27. Ng3 Qe5 28. Nde2 d4 29. Rb3 g4 30. Kf2 gxf3 31. gxf3 Qd5 32.
Rxe3 dxe3+ 33. Kxe3 Qxf3+ 34. Kd4 Qxa3 35. Kc5 Bf3 36. Nd4 Bg4 37. Ne4 f5
38. Nf6+ Kf7 39. Nd5 Qc1+ 40. Kd6 Qd1 41. Nc6 f4 42. Ne5+ Kg7 43. Kc5 Be6
44. Nxf4 Qc1+ 45. Kd6 Qxf4 46. Kxe6 Qxh2 47. Kf5 Qf2+ 48. Ke4 Qe1+ 49. Kf5
Qxb4 50. Ke6 Qe1 51. Kf5 b4 52. Ke6 b3 53. Kd5 b2 54. Nc4 b1=Q 55. Kc5 Qec1
56. Kd6 Qxc4 57. Kd7 Qb7+ 58. Ke8 Qcf7+ 59. Kd8 Qfd7# { White checkmated }
0-1

[Event "ICC tourney 2260 (3 2)"]
[Site "Internet Chess Club"]
[Date "2020.12.31"]
[Round "8"]
[White "garynanoman"]
[Black "hggonzalezzss"]
[Result "1-0"]
[ICCResult "Black resigns"]
[WhiteElo "1850"]
[BlackElo "1767"]
[Opening "Sicilian: dragon, Yugoslav attack"]
[ECO "B75"]
[NIC "SI.17"]
[Time "14:07:31"]
[PlyCount "73"]
[TimeControl "180+2"]

1. e4 c5 2. Nf3 d6 3. d4 cxd4 4. Nxd4 g6 5. Nc3 Bg7 6. Be3 Nf6 7. f3 Nc6 8.
Bc4 O-O 9. Bb3 Na5 10. Qd2 Bd7 11. O-O-O Rc8 12. Kb1 a6 13. g4 b5 14. Nd5
Nc4 15. Bxc4 bxc4 16. h4 Nxd5 17. exd5 c3 18. Qd3 cxb2 19. h5 e5 20. dxe6
Bxe6 21. hxg6 Bxa2+ 22. Kxa2 Qa5+ 23. Kxb2 Rb8+ 24. Kc1 Qa1+ 25. Kd2 Qa5+
26. Ke2 Rfe8 27. gxf7+ Kxf7 28. Nf5 Rbc8 29. Nxd6+ Kg8 30. Qxh7+ Kf8 31.
Nxe8 Rxc2+ 32. Qxc2 Qb5+ 33. Qd3 Qxe8 34. Qd6+ Kf7 35. Qf4+ Kg8 36. Qc4+
Kf8 37. Kf2 { Black resigns } 1-0

[Event "ICC tourney 2260 (3 2)"]
[Site "Internet Chess Club"]
[Date "2020.12.31"]
[Round "8"]
[White "Kokosnuss1000"]
[Black "Braveninja"]
[Result "1-0"]
[ICCResult "Black resigns"]
[WhiteElo "1600"]
[BlackElo "384"]
[Opening "Four knights: Spanish, classical defense"]
[ECO "C48"]
[NIC "KP.03"]
[Time "14:08:08"]
[PlyCount "51"]
[TimeControl "180+2"]

1. e4 e5 2. Nf3 Nc6 3. Nc3 Nf6 4. Bb5 Bc5 5. Nxe5 Nxe5 6. d4 Bxd4 7. Qxd4
Nc6 8. Qd1 O-O 9. Bg5 a6 10. Bxc6 bxc6 11. e5 Qe8 12. O-O Qxe5 13. f4 Qc5+
14. Kh1 Ng4 15. Qxg4 d5 16. Qg3 d4 17. Bh6 g6 18. Bxf8 Kxf8 19. Ne4 Qxc2
20. Nf6 Qxb2 21. Rfe1 Be6 22. Rad1 Rd8 23. Qh4 Kg7 24. f5 Bxf5 25. Ne8+ Kf8
26. Qh6+ { Black resigns } 1-0

[Event "ICC tourney 2260 (3 2)"]
[Site "Internet Chess Club"]
[Date "2020.12.31"]
[Round "8"]
[White "tavit2"]
[Black "aberdeenace"]
[Result "0-1"]
[ICCResult "White resigns"]
[WhiteElo "629"]
[BlackElo "1546"]
[Opening "Pirc: classical system, 5.Be2"]
[ECO "B06"]
[NIC "PU.03"]
[Time "14:07:59"]
[PlyCount "102"]
[TimeControl "180+2"]

1. e4 g6 2. d4 Bg7 3. Nf3 d6 4. Nc3 Nf6 5. Be2 O-O 6. O-O c6 7. Bf4 b5 8.
a3 Qb6 9. Be3 Nbd7 10. d5 c5 11. b4 Bb7 12. bxc5 Nxc5 13. Rb1 a6 14. Na4
Qc7 15. Nxc5 dxc5 16. e5 Nxd5 17. Re1 Nc3 18. Qd2 Nxb1 19. Rxb1 Bxe5 20.
Nxe5 Qxe5 21. a4 Bc6 22. axb5 Bxb5 23. Bxb5 axb5 24. h3 Rfd8 25. Qe1 b4 26.
Bh6 Qxe1+ 27. Rxe1 e6 28. Be3 c4 29. Bg5 Rd5 30. Be3 b3 31. cxb3 cxb3 32.
Rb1 Rb5 33. Kh2 Ra2 34. Bc1 Rxf2 35. Be3 Re2 36. Bc1 f5 37. Bg5 e5 38. Bf6
f4 39. Kg1 e4 40. Kf1 f3 41. gxf3 exf3 42. Bd4 Rh2 43. Bg1 Rh1 44. Kf2 Rxh3
45. Ke3 b2 46. Bf2 g5 47. Be1 g4 48. Kf2 Rb3 49. Ba5 g3+ 50. Kf1 g2+ 51.
Kf2 Rh1 { White resigns } 0-1

[Event "ICC tourney 2260 (3 2)"]
[Site "Internet Chess Club"]
[Date "2020.12.31"]
[Round "8"]
[White "Chessnutt2014"]
[Black "DualMoneytime"]
[Result "1-0"]
[ICCResult "Black resigns"]
[WhiteElo "1941"]
[BlackElo "1960"]
[Opening "QGD Slav: Tolush-Geller gambit"]
[ECO "D15"]
[NIC "SL.03"]
[Time "14:07:47"]
[PlyCount "87"]
[TimeControl "180+2"]

1. d4 d5 2. c4 c6 3. Nc3 Nf6 4. Nf3 dxc4 5. e4 b5 6. e5 Nd5 7. a4 Nxc3 8.
bxc3 e6 9. axb5 cxb5 10. Nd2 Bb7 11. Ba3 Bxa3 12. Rxa3 Qe7 13. Qa1 a6 14.
Qb2 O-O 15. f3 Nd7 16. Be2 Nb6 17. O-O Nd5 18. Ne4 Nf4 19. Nd6 Bc6 20. Qd2
Nd5 21. Rfa1 Bb7 22. f4 Nb6 23. Qe3 Qd7 24. Bg4 Ra7 25. d5 Rfa8 26. Qxb6
Bxd5 27. Rxa6 Rxa6 28. Rxa6 Rxa6 29. Qxa6 h6 30. Qxb5 Qxb5 31. Nxb5 f6 32.
Bf3 Bxf3 33. gxf3 Kf7 34. Nd6+ Kg6 35. exf6 gxf6 36. Nxc4 Kf5 37. Kf2 Kxf4
38. Ne3 e5 39. Ng4 Kg5 40. c4 e4 41. fxe4 Kxg4 42. c5 Kf4 43. c6 Kxe4 44.
c7 { Black resigns } 1-0

[Event "ICC tourney 2260 (3 2)"]
[Site "Internet Chess Club"]
[Date "2020.12.31"]
[Round "8"]
[White "SuperBlueSky"]
[Black "ved2006"]
[Result "0-1"]
[ICCResult "White checkmated"]
[WhiteElo "1597"]
[BlackElo "1719"]
[Opening "QGD semi-Slav: Botvinnik system (anti-Meran)"]
[ECO "D44"]
[NIC "SL.03"]
[Time "14:07:40"]
[PlyCount "94"]
[TimeControl "180+2"]

1. d4 d5 2. c4 c6 3. Nf3 Nf6 4. Nc3 e6 5. Bg5 dxc4 6. e4 Be7 7. Bxc4 Nbd7
8. O-O h6 9. Bh4 O-O 10. Bg3 Nb6 11. Bb3 Nh5 12. Qc2 Nxg3 13. hxg3 Bf6 14.
Rfd1 Re8 15. Na4 Nxa4 16. Bxa4 Qb6 17. Bb3 e5 18. dxe5 Bxe5 19. Nxe5 Rxe5
20. Qc4 Be6 21. Qc3 Rxe4 22. Bc2 Re2 23. Rf1 Rd8 24. Bd3 Rxb2 25. Rab1 Rxb1
26. Rxb1 Qd4 27. Qc2 Qxd3 28. Qxd3 Rxd3 29. Rxb7 Ra3 30. Rc7 Bd5 31. Rc8+
Kh7 32. Rc7 Rxa2 33. f4 a5 34. g4 Rxg2+ 35. Kf1 Rxg4 36. f5 Rf4+ 37. Ke1
Rxf5 38. Re7 Rf4 39. Re2 Re4 40. Kd1 Rxe2 41. Kc1 a4 42. Kb1 h5 43. Kc1 h4
44. Kd1 Bf3 45. Kc1 h3 46. Kd1 h2 47. Kc1 h1=Q# { White checkmated } 0-1

[Event "ICC tourney 2260 (3 2)"]
[Site "Internet Chess Club"]
[Date "2020.12.31"]
[Round "8"]
[White "chessmonkey05"]
[Black "kurohaze"]
[Result "0-1"]
[ICCResult "White forfeits on time"]
[WhiteElo "1617"]
[BlackElo "1168"]
[Opening "French: Tarrasch"]
[ECO "C03"]
[NIC "FR.14"]
[Time "14:07:32"]
[PlyCount "74"]
[TimeControl "180+2"]

1. e4 e6 2. d4 d5 3. Nd2 a6 4. Bd3 c5 5. exd5 exd5 6. dxc5 Bxc5 7. Ngf3 Nf6
8. O-O O-O 9. Nb3 Ba7 10. Bg5 Nbd7 11. Re1 g6 12. Bh6 Re8 13. Qd2 Ne4 14.
Bxe4 dxe4 15. Qc3 Nf6 16. Bg5 Kg7 17. Rad1 Qb6 18. Nfd4 h6 19. Bh4 g5 20.
Bg3 Kg6 21. Bc7 Nd5 22. Bxb6 Nxc3 23. bxc3 Bxb6 24. f3 e3 25. Rd3 Bxd4 26.
cxd4 Bf5 27. Rdxe3 Rxe3 28. Rxe3 Bxc2 29. Nc5 b6 30. Nd7 Rd8 31. Nxb6 Rxd4
32. Re2 Bf5 33. Kf2 Be6 34. a4 a5 35. Re5 Rb4 36. Na8 Rxa4 37. Nc7 Kf6 {
White forfeits on time } 0-1

[Event "ICC tourney 2260 (3 2)"]
[Site "Internet Chess Club"]
[Date "2020.12.31"]
[Round "8"]
[White "miyzhang"]
[Black "Aahilvalliani"]
[Result "1-0"]
[ICCResult "Black forfeits on time"]
[WhiteElo "1227"]
[BlackElo "813"]
[Opening "Sicilian: Marshall variation"]
[ECO "C08"]
[NIC "FR.21"]
[Time "14:07:25"]
[PlyCount "65"]
[TimeControl "180+2"]

1. e4 c5 2. Nf3 e6 3. d4 d5 4. exd5 exd5 5. Nbd2 Nf6 6. Bd3 Nc6 7. c3 c4 8.
Bc2 Bd6 9. O-O O-O 10. Re1 Re8 11. Nf1 Bd7 12. Ng3 Qc7 13. Bg5 Be7 14. Bxf6
Bxf6 15. Ne5 Nxe5 16. dxe5 Rxe5 17. Rxe5 Qxe5 18. Qf3 Bc6 19. Nh5 Bg5 20.
Rf1 g6 21. Ng3 d4 22. cxd4 Bxf3 23. dxe5 Bc6 24. Re1 Re8 25. h3 Bf4 26. Ne4
Bxe5 27. f3 Bg7 28. b3 f5 29. Rd1 fxe4 30. fxe4 Bxe4 31. Bxe4 Rxe4 32. bxc4
Rxc4 33. Rd7 { Black forfeits on time } 1-0

[Event "ICC tourney 2260 (3 2)"]
[Site "Internet Chess Club"]
[Date "2020.12.31"]
[Round "8"]
[White "saisiva765"]
[Black "Tombstone"]
[Result "1-0"]
[ICCResult "Black checkmated"]
[WhiteElo "1950"]
[BlackElo "1990"]
[Opening "Queen's pawn, Mason variation"]
[ECO "D00"]
[NIC "QP.08"]
[Time "14:07:21"]
[PlyCount "99"]
[TimeControl "180+2"]

1. d4 d5 2. Bf4 Nf6 3. e3 Bf5 4. Nd2 e6 5. Ngf3 Bd6 6. Ne5 O-O 7. Be2 c6 8.
c3 Qc7 9. g4 Be4 10. f3 Bg6 11. h4 h6 12. g5 Nfd7 13. Nxg6 fxg6 14. Bxd6
Qxd6 15. f4 h5 16. Qc2 Rf5 17. Bd3 c5 18. Bxf5 exf5 19. Nf3 Qe6 20. Ne5
Nxe5 21. dxe5 Nc6 22. O-O-O Rd8 23. Rh2 d4 24. Kb1 dxe3 25. Rxd8+ Nxd8 26.
Qd3 Nc6 27. Qxe3 Qd5 28. Rd2 Qh1+ 29. Kc2 Qxh4 30. e6 Ne7 31. Qxc5 Qxf4 32.
Qxe7 Qe4+ 33. Kb3 a5 34. a4 Kh7 35. Qd7 b5 36. axb5 a4+ 37. Ka3 Qc4 38. Qd5
Qc7 39. Kxa4 Qa7+ 40. Kb3 Qe7 41. Qd6 Qb7 42. b6 Qa6 43. e7 Qb5+ 44. Qb4
Qe8 45. Rd8 Qf7+ 46. Ka3 f4 47. e8=Q Qxe8 48. Rxe8 f3 49. Qf8 f2 50. Qh8# {
Black checkmated } 1-0

[Event "ICC tourney 2260 (3 2)"]
[Site "Internet Chess Club"]
[Date "2020.12.31"]
[Round "8"]
[White "yogokings12"]
[Black "crazyhorse9"]
[Result "0-1"]
[ICCResult "White checkmated"]
[WhiteElo "1575"]
[BlackElo "1462"]
[Opening "KGD: Nimzovich counter-gambit"]
[ECO "C31"]
[NIC "KG.04"]
[Time "14:08:08"]
[PlyCount "80"]
[TimeControl "180+2"]

1. e4 e5 2. f4 d5 3. exd5 c6 4. dxc6 Nxc6 5. Nc3 exf4 6. Nf3 Bd6 7. Bb5 Nf6
8. d4 O-O 9. O-O Bg4 10. h3 Bf5 11. d5 Nb4 12. Ba4 Bc5+ 13. Kh1 Nbxd5 14.
Nxd5 Nxd5 15. Bb3 Ne3 16. Bxe3 Bxe3 17. Qe2 Qf6 18. c3 Rad8 19. Rad1 Rfe8
20. Rxd8 Qxd8 21. Rd1 Qf6 22. Nd4 Be4 23. Rf1 Qg5 24. Nf3 Qg3 25. Qc4 Qg6
26. Nh4 Qf6 27. Nf3 Qf5 28. Qe2 Bd3 29. Qe1 Bxf1 30. Qxf1 Bc5 31. Qc4 Bd6
32. Nd4 Qb1+ 33. Kh2 f3+ 34. g3 Rf8 35. Nxf3 Qxb2+ 36. Kg1 Bxg3 37. Qg4
Qf2+ 38. Kh1 Re8 39. h4 Re1+ 40. Nxe1 Qh2# { White checkmated } 0-1

[Event "ICC tourney 2260 (3 2)"]
[Site "Internet Chess Club"]
[Date "2020.12.31"]
[Round "8"]
[White "karuto2006"]
[Black "ChiefDas"]
[Result "0-1"]
[ICCResult "White resigns"]
[WhiteElo "1699"]
[BlackElo "1857"]
[Opening "Sicilian"]
[ECO "B50"]
[NIC "SI.01"]
[Time "14:07:18"]
[PlyCount "136"]
[TimeControl "180+2"]

1. e4 c5 2. Nf3 d6 3. Nc3 Nf6 4. g3 Nc6 5. Bg2 e6 6. O-O Be7 7. d3 a6 8. a4
O-O 9. Ne2 d5 10. e5 Nd7 11. d4 cxd4 12. Nfxd4 Ndxe5 13. f4 Nxd4 14. fxe5
Nxe2+ 15. Qxe2 Bc5+ 16. Be3 Qb6 17. Bxc5 Qxc5+ 18. Kh1 Bd7 19. Rac1 b5 20.
axb5 Bxb5 21. c4 Bxc4 22. Rxc4 Qxc4 23. Qxc4 dxc4 24. Bxa8 Rxa8 25. Rc1 Rc8
26. Ra1 Rc6 27. Kg2 f6 28. exf6 gxf6 29. Kf3 Kf7 30. Ke4 Rd6 31. Ke3 Kg6
32. Rc1 Rb6 33. Rxc4 Rxb2 34. Rg4+ Kf5 35. Rf4+ Kg5 36. h4+ Kg6 37. Rg4+
Kf7 38. Ra4 Rb3+ 39. Kf2 Rb6 40. Kf3 Ke7 41. Kf4 h5 42. Ra5 e5+ 43. Kf5 Rb3
44. g4 Rf3+ 45. Kg6 hxg4 46. Rxa6 g3 47. Ra1 g2 48. Rg1 Rg3+ 49. Kf5 Kf7
50. h5 Rg5+ 51. Ke4 Rxh5 52. Rxg2 Ke6 53. Ra2 Rh4+ 54. Ke3 Kf5 55. Rf2+ Kg5
56. Rg2+ Rg4 57. Rf2 f5 58. Ke2 Rg3 59. Kd2 e4 60. Ke2 Ra3 61. Rg2+ Kf4 62.
Rg8 Ra2+ 63. Kf1 Kf3 64. Ke1 e3 65. Kd1 e2+ 66. Ke1 Ra1+ 67. Kd2 e1=Q+ 68.
Kd3 Qe4+ { White resigns } 0-1

[Event "ICC tourney 2260 (3 2)"]
[Site "Internet Chess Club"]
[Date "2020.12.31"]
[Round "8"]
[White "hackerguru"]
[Black "ritterfork"]
[Result "0-1"]
[ICCResult "White resigns"]
[WhiteElo "1756"]
[BlackElo "1846"]
[Opening "English opening"]
[ECO "A16"]
[NIC "EO.64"]
[Time "14:07:32"]
[PlyCount "76"]
[TimeControl "180+2"]

1. c4 Nf6 2. Nc3 g6 3. g3 Bg7 4. Bg2 O-O 5. e4 d6 6. Nge2 Nc6 7. d3 a6 8.
O-O e5 9. h3 Ne8 10. Be3 Rb8 11. Nd5 Be6 12. Nec3 b5 13. Rb1 Nd4 14. Ne2 c6
15. Ndc3 bxc4 16. dxc4 Bxc4 17. Re1 c5 18. b3 Be6 19. Kh2 Nc7 20. Na4 Ncb5
21. Qd2 Qd7 22. Nac3 Rfd8 23. Nxb5 axb5 24. Red1 Ra8 25. f4 d5 26. fxe5
Bxe5 27. exd5 Bxd5 28. Nxd4 Bxg2 29. Kxg2 cxd4 30. Bg5 Rdc8 31. Re1 Qd5+
32. Kh2 Rc3 33. Bf4 Bxf4 34. gxf4 Qf3 35. Qg2 Rxa2 36. Rb2 Rxb2 37. Qxb2
Qxh3+ 38. Kg1 Rg3+ { White resigns } 0-1

[Event "ICC tourney 2260 (3 2)"]
[Site "Internet Chess Club"]
[Date "2020.12.31"]
[Round "8"]
[White "xyzchessdude"]
[Black "JensenUVA"]
[Result "1-0"]
[ICCResult "Black checkmated"]
[WhiteElo "1992"]
[BlackElo "1516"]
[Opening "Queen's pawn: London system"]
[ECO "A45"]
[NIC "QP.07"]
[Time "14:07:19"]
[PlyCount "93"]
[TimeControl "180+2"]

1. d4 Nf6 2. Bf4 g6 3. Nc3 d5 4. e3 Bg7 5. h4 c5 6. Nb5 Na6 7. c3 c4 8. a4
O-O 9. b3 Qa5 10. bxc4 Ne4 11. cxd5 Bd7 12. Ne2 Rac8 13. f3 Bxb5 14. axb5
Nxc3 15. Rxa5 Nxd1 16. bxa6 b6 17. Ra3 Rc2 18. Kxd1 Rfc8 19. Ke1 Bf8 20. d6
exd6 21. Rd3 d5 22. Kf2 Bb4 23. g4 Ra2 24. Rb3 Ba5 25. Rh2 Rcc2 26. Kg1 Ra1
27. Rg2 f6 28. Ng3 Rcc1 29. Kh2 Be1 30. Ne2 Rd1 31. Rb2 Bxh4 32. Rc2 Rxf1
33. Ng1 g5 34. Bg3 Bxg3+ 35. Rxg3 b5 36. Rgg2 Rxa6 37. Rc8+ Kg7 38. Rgc2 b4
39. R2c7+ Kg6 40. Rb8 Rb6 41. Rg8+ Kh6 42. Rgg7 f5 43. Rxh7+ Kg6 44. Rhg7+
Kf6 45. Rcf7+ Ke6 46. gxf5+ Kd6 47. Rf6# { Black checkmated } 1-0

[Event "ICC tourney 2260 (3 2)"]
[Site "Internet Chess Club"]
[Date "2020.12.31"]
[Round "8"]
[White "realFreddyWeddy"]
[Black "MChessy"]
[Result "1-0"]
[ICCResult "Black forfeits on time"]
[WhiteElo "1104"]
[BlackElo "1950"]
[Opening "Caro-Kann: exchange variation"]
[ECO "B13"]
[NIC "CK.02"]
[Time "14:07:27"]
[PlyCount "61"]
[TimeControl "180+2"]

1. e4 c6 2. d4 d5 3. exd5 cxd5 4. Bd3 Nf6 5. Bf4 Nbd7 6. Nf3 e6 7. c3 Qb6
8. Qc2 Bd6 9. Bg3 O-O 10. Nbd2 Nh5 11. Bxd6 Qxd6 12. Bxh7+ Kh8 13. Bd3 Nf4
14. O-O g6 15. Rfe1 Kg7 16. Ne5 Rh8 17. Ndf3 Nf6 18. Ng5 Qe7 19. g3 Nxd3
20. Qxd3 Ng4 21. Ngxf7 Qf6 22. Nxg4 Qxf7 23. Ne5 Qf6 24. Re3 Qg5 25. Rf3
Qh5 26. Rf7+ Kh6 27. Qe3+ g5 28. Rf6+ Kg7 29. Rf7+ Kh6 30. h4 Rg8 31. Rf6+
{ Black forfeits on time } 1-0

[Event "ICC tourney 2260 (3 2)"]
[Site "Internet Chess Club"]
[Date "2020.12.31"]
[Round "8"]
[White "martinjames28"]
[Black "StevChess01"]
[Result "0-1"]
[ICCResult "White checkmated"]
[WhiteElo "1196"]
[BlackElo "1684"]
[Opening "Nimzo-Indian: three knights variation"]
[ECO "E21"]
[NIC "NI.28"]
[Time "14:07:23"]
[PlyCount "74"]
[TimeControl "180+2"]

1. d4 Nf6 2. c4 e6 3. Nc3 Bb4 4. Nf3 O-O 5. Bg5 Bxc3+ 6. bxc3 d6 7. e3 Nbd7
8. Bd3 b6 9. O-O c5 10. Qc2 g6 11. h4 Qc7 12. Rab1 e5 13. Rb2 Bb7 14. Nd2
Rfe8 15. Rfb1 e4 16. Be2 Kg7 17. a4 a5 18. Bxf6+ Kxf6 19. Bg4 Ra6 20. Rb3
Bc6 21. Bxd7 Bxd7 22. Qb2 Bxa4 23. Rxb6 Rxb6 24. Qxb6 Qxb6 25. Rxb6 Bd7 26.
Nxe4+ Rxe4 27. Rxd6+ Be6 28. Ra6 cxd4 29. cxd4 Kg7 30. g3 Bxc4 31. Rxa5 Be2
32. Kg2 Re7 33. Kh3 Bf3 34. Re5 Ra7 35. Kh2 Ra2 36. Kg1 Ra1+ 37. Kh2 Rh1# {
White checkmated } 0-1

[Event "ICC tourney 2260 (3 2)"]
[Site "Internet Chess Club"]
[Date "2020.12.31"]
[Round "8"]
[White "MehPlayer"]
[Black "garfield92037"]
[Result "0-1"]
[ICCResult "White checkmated"]
[WhiteElo "1528"]
[BlackElo "1843"]
[Opening "Queen's pawn, Mason variation"]
[ECO "D00"]
[NIC "QP.08"]
[Time "14:08:08"]
[PlyCount "118"]
[TimeControl "180+2"]

1. d4 d5 2. Bf4 Nc6 3. e3 Bf5 4. Bd3 Bg6 5. Nf3 e6 6. Nbd2 Bd6 7. Bg3 Nge7
8. Qe2 O-O 9. c4 Bxd3 10. Qxd3 Nb4 11. Qc3 dxc4 12. Nxc4 Nbd5 13. Qd2 Bb4
14. Qxb4 Nxb4 15. O-O-O Nxa2+ 16. Kb1 Nb4 17. h4 Nf5 18. Bf4 Nd5 19. Bh2
Nb6 20. Nce5 Nd6 21. h5 h6 22. Bf4 Ne4 23. g4 Nxf2 24. g5 Nxd1 25. Rxd1
hxg5 26. Nxg5 Nd5 27. h6 gxh6 28. Ne4 Nxf4 29. exf4 Kh8 30. Rh1 Kg7 31.
Rg1+ Kh7 32. Rh1 f5 33. Ng5+ Kg8 34. Nxe6 Qf6 35. Nxc7 Rad8 36. Rg1+ Kh7
37. d5 Rg8 38. Rd1 Qd6 39. Ne6 Qxe6 40. dxe6 Rxd1+ 41. Kc2 Re1 42. Kd3 Re8
43. Kd2 Rxe5 44. fxe5 Rxe6 45. Kd3 Rxe5 46. Kd4 Re4+ 47. Kd5 h5 48. b4 h4
49. b5 h3 50. b6 axb6 51. Kd6 h2 52. Kd7 h1=Q 53. Kd8 Qd1+ 54. Kc8 Rc4+ 55.
Kb8 Qd8+ 56. Ka7 b5 57. Kxb7 Qd6 58. Ka8 Rc7 59. Kb8 Qd8# { White
checkmated } 0-1

[Event "ICC tourney 2260 (3 2)"]
[Site "Internet Chess Club"]
[Date "2020.12.31"]
[Round "8"]
[White "ThirstyMonster"]
[Black "tigerche207"]
[Result "1-0"]
[ICCResult "Black resigns"]
[WhiteElo "1283"]
[BlackElo "1934"]
[Opening "Queen's pawn: Torre attack"]
[ECO "A46"]
[NIC "QP.04"]
[Time "14:07:26"]
[PlyCount "113"]
[TimeControl "180+2"]

1. d4 Nf6 2. Nf3 e6 3. Bg5 Be7 4. Bxf6 Bxf6 5. e4 d6 6. c4 b6 7. Nc3 Bb7 8.
Bd3 c5 9. d5 Nd7 10. O-O O-O 11. Re1 Ne5 12. Nxe5 Bxe5 13. Qc2 Qh4 14. g3
Qh6 15. Bf1 Rae8 16. Bg2 f5 17. dxe6 fxe4 18. Bxe4 Bxe4 19. Rxe4 Rxe6 20.
Rae1 Ref6 21. R1e2 Bd4 22. Nd1 Qg5 23. Re8 Qh5 24. Rxf8+ Rxf8 25. b3 Qg4
26. Qe4 Qxe4 27. Rxe4 Kf7 28. Rf4+ Ke7 29. Rxf8 Kxf8 30. Kg2 Ke7 31. f3 Ke6
32. Nf2 d5 33. Nd3 h5 34. Nf4+ Kf5 35. Nxd5 Ke5 36. h3 g6 37. Ne7 Kf6 38.
Nc6 a6 39. Nxd4 cxd4 40. Kf2 Ke5 41. Ke2 g5 42. Kd3 h4 43. gxh4 gxh4 44. b4
Kf4 45. c5 bxc5 46. bxc5 Ke5 47. f4+ Kd5 48. c6 Kxc6 49. Kxd4 Kd6 50. a4 a5
51. Ke4 Ke6 52. f5+ Kf6 53. Kf4 Kf7 54. Kg5 Kg7 55. Kxh4 Kf6 56. Kg4 Ke5
57. Kg5 { Black resigns } 1-0

[Event "ICC tourney 2260 (3 2)"]
[Site "Internet Chess Club"]
[Date "2020.12.31"]
[Round "8"]
[White "NL008"]
[Black "bobiscool"]
[Result "1-0"]
[ICCResult "Black checkmated"]
[WhiteElo "1534"]
[BlackElo "1697"]
[Opening "Sicilian: Canal-Sokolsky attack, Sokolsky variation"]
[ECO "B52"]
[NIC "SI.01"]
[Time "14:07:22"]
[PlyCount "89"]
[TimeControl "180+2"]

1. e4 c5 2. Nf3 d6 3. Bb5+ Bd7 4. Bxd7+ Qxd7 5. c4 Nf6 6. Nc3 Nc6 7. d4
cxd4 8. Nxd4 g6 9. Nxc6 Qxc6 10. Qe2 Bg7 11. O-O O-O 12. Re1 Rac8 13. b3
Nxe4 14. Nxe4 Bxa1 15. Bh6 Bg7 16. Bxg7 Kxg7 17. Qb2+ Kg8 18. Nc3 Rfe8 19.
Nd5 Qd7 20. h3 f6 21. Rxe7 Rxe7 22. Nxf6+ Kf7 23. Nxd7 Rxd7 24. Qd4 b6 25.
Qd5+ Kg7 26. Kf1 Re8 27. g3 Re5 28. Qc6 Ree7 29. b4 Rc7 30. Qxd6 Rf7 31. c5
bxc5 32. bxc5 Rcd7 33. Qe5+ Kg8 34. c6 Rc7 35. h4 Rc8 36. h5 Rcf8 37. Qe6
Kg7 38. Qe5+ Kg8 39. Qe3 Kg7 40. h6+ Kg8 41. f4 g5 42. Kg2 gxf4 43. gxf4
Rxf4 44. Qg3+ Kh8 45. Qg7# { Black checkmated } 1-0

[Event "ICC tourney 2260 (3 2)"]
[Site "Internet Chess Club"]
[Date "2020.12.31"]
[Round "8"]
[White "ekanshmehrotra"]
[Black "LuckyNessLover"]
[Result "0-1"]
[ICCResult "White forfeits on time"]
[WhiteElo "1843"]
[BlackElo "1655"]
[Opening "Scandinavian: Marshall variation"]
[ECO "B01"]
[NIC "SD.03"]
[Time "14:07:18"]
[PlyCount "94"]
[TimeControl "180+2"]

1. e4 d5 2. exd5 Nf6 3. d4 Nxd5 4. Nf3 Bf5 5. Bd3 Bxd3 6. Qxd3 Nb4 7. Qd2
e6 8. a3 Nd5 9. c4 Nf6 10. Nc3 Be7 11. O-O c6 12. b3 Nbd7 13. Bb2 O-O 14.
Rfe1 Qb6 15. b4 Rad8 16. Rad1 c5 17. Na4 Qc7 18. bxc5 Nxc5 19. Nxc5 Bxc5
20. Qc3 Be7 21. Ne5 Rc8 22. f4 Rfd8 23. Re3 Nd7 24. Nxd7 Rxd7 25. c5 Bf6
26. Red3 Qxf4 27. Rf1 Qg5 28. Rg3 Qxc5 29. dxc5 Bxc3 30. Bxc3 g6 31. Bb4 a5
32. Bxa5 Rxc5 33. Bb4 Rcd5 34. Rc3 b5 35. Rc8+ Kg7 36. Bc3+ Kh6 37. Rf8 f5
38. Bb4 e5 39. Re8 e4 40. Bf8+ Kg5 41. Be7+ Kh6 42. Bf6 Rf7 43. Bc3 Rd3 44.
Bb4 e3 45. Re1 f4 46. g3 g5 47. Re6+ Kh5 { White forfeits on time } 0-1